 Dungeon Crawl Stone Soup version 0.23-a0-329-g6f3f904 (webtiles) character file.

59301 Garbasso the Basher (level 15, -9/123 HPs)
             Began as a Formicid Abyssal Knight on Oct 16, 2018.
             Was a High Priest of Lugonu.
             Mangled by a small abomination (12 damage)
             ... on level 1 of the Abyss.
             The game lasted 01:15:58 (25481 turns).

Garbasso the Basher (Formicid Abyssal Knight)      Turns: 25481, Time: 01:15:59

Health: -9/123     AC: 24    Str: 21    XL:     15   Next: 33%
Magic:  0/31       EV:  8    Int: 14    God:    Lugonu [*****.]
Gold:   1198       SH:  4    Dex: 10    Spells: 14/14 levels left

rFire    . . .     SeeInvis +   Q - +8 whip "Snakebite" {curare, rPois}
rCold    . . .     Gourm    .   R - +0 buckler
rNeg     . . .     Faith    .   y - +5 chain mail {MR+}
rPois    +         Spirit   +   (helmet unavailable)
rElec    .         Reflect  .   g - +0 cloak
rCorr    .         Harm     .   (no gloves)
MR       ++...                  a - +0 pair of boots
Stlth    ..........             j - amulet of guardian spirit
HPRegen  0.30/turn              o - +2 ring of protection
MPRegen  0.22/turn              i - ring of magical power

@: constricted
A: permanent stasis, dig shafts and tunnels, four strong arms, antennae 3,
molten scales 1, low mp 1, MP-powered wands
a: Dig, Shaft Self, Depart the Abyss, Bend Space, Banish, Corrupt, Enter the
Abyss, Renounce Religion


You were on level 1 of the Abyss.
You worshipped Lugonu.
Lugonu was extremely pleased with you.
You were not hungry.

You visited 3 branches of the dungeon, and saw 18 of its levels.
You visited the Abyss 2 times.
You also visited: Volcano.

You collected 1198 gold pieces.

Inventory:

Hand Weapons
 v - a +3 whip of electrocution
 x - a +1 dire flail of venom
 Q - the +8 whip "Snakebite" (weapon) {curare, rPois}
   (You acquired it on level 3 of the Lair of Beasts)

   It poisons the flesh of those it strikes.
   It protects you from poison.
Missiles
 f - 407 stones
 w - 2 tomahawks
 T - 2 throwing nets (quivered)
Armour
 a - a +0 pair of boots (worn)
 g - a +0 cloak (worn)
 y - a +5 chain mail of magic resistance (worn)
 R - a +0 buckler (worn)
Jewellery
 i - a ring of magical power (right hand)
 j - an amulet of guardian spirit (around neck)
 l - an uncursed ring of positive energy
 o - a +2 ring of protection (left hand)
 q - an uncursed ring of positive energy
 z - an uncursed ring of magical power
 C - an uncursed ring of poison resistance
 H - a +3 ring of strength
Wands
 d - a wand of acid (9)
 s - a wand of iceblast (19)
 A - a wand of enslavement (34)
 D - a wand of flame (75)
 E - a wand of polymorph (32)
 J - a wand of clouds (9)
Scrolls
 b - 6 scrolls of remove curse
 e - a scroll of fog
 h - 2 scrolls of vulnerability
 m - a scroll of identify
 r - a scroll of fear
 F - 2 scrolls of amnesia
 L - 2 scrolls of magic mapping
 O - a scroll of brand weapon
 P - 2 scrolls of immolation
 S - 3 scrolls of enchant weapon
 V - 2 scrolls of silence
Potions
 k - a potion of ambrosia
 n - 8 potions of curing
 p - 4 potions of flight
 t - a potion of cancellation
 u - a potion of magic
 I - 4 potions of might
 K - a potion of berserk rage
 M - 2 potions of invisibility
 N - 2 potions of agility
 U - 3 potions of brilliance
 W - a potion of resistance
Miscellaneous
 G - a phantom mirror
Comestibles
 c - 32 rations


   Skills:
 + Level 13.0 Fighting
 - Level 14.0 Maces & Flails
 + Level 12.7 Armour
 + Level 7.2 Dodging
 - Level 2.4 Shields
 + Level 13.7 Invocations


You had 14 spell levels left.
You didn't know any spells.
Your spell library contained the following spells:

 Spells                   Type           Power        Failure   Level  Hunger
 Animate Skeleton         Necr           N/A          86%         1    ##.....
 Apportation              Tloc           #.....       86%         1    ##.....
 Beastly Appendage        Tmut           #.....       86%         1    ##.....
 Confusing Touch          Hex            #.....       86%         1    ##.....
 Corona                   Hex            #......      86%         1    ##.....
 Freeze                   Ice            #...         86%         1    ##.....
 Pain                     Necr           #...         86%         1    ##.....
 Sandblast                Erth           #.....       86%         1    ##.....
 Summon Small Mammal      Summ           #...         86%         1    ##.....
 Call Imp                 Summ           #.......     94%         2    ###....
 Ensorcelled Hibernation  Hex/Ice        #.....       94%         2    ###....
 Passwall                 Tmut/Erth      #.......     94%         2    ###....
 Sticks to Snakes         Tmut           #.......     94%         2    ###....
 Throw Frost              Conj/Ice       #.....       94%         2    ###....
 Call Canine Familiar     Summ           #.......     99%         3    ####...
 Confuse                  Hex            #.......     99%         3    ####...
 Dazzling Spray           Conj/Hex       #.....       99%         3    ####...
 Ozocubu's Armour         Chrm/Ice       #.......     99%         3    ####...
 Regeneration             Chrm/Necr      #.........   99%         3    ####...
 Spider Form              Tmut/Pois      #.........   99%         3    ####...
 Stone Arrow              Conj/Erth      #.....       99%         3    ####...
 Summon Guardian Golem    Hex/Summ       #.......     99%         3    ####...
 Tukima's Dance           Hex            #.......     99%         3    ####...
 Vampiric Draining        Necr           #.........   99%         3    ####...
 Animate Dead             Necr           N/A          100%        4    #####..
 Ice Form                 Ice/Tmut       #.......     100%        4    #####..
 Petrify                  Tmut/Erth      #.......     100%        4    #####..
 Summon Ice Beast         Ice/Summ       #.......     100%        4    #####..
 Summon Lightning Spire   Summ/Air       #.......     100%        4    #####..
 Throw Icicle             Conj/Ice       #.......     100%        4    #####..
 Blade Hands              Tmut           #.........   100%        5    ######.
 Irradiate                Conj/Tmut      #.........   100%        5    ######.
 Lee's Rapid Deconstruct  Erth           #.........   100%        5    ######.
 Hydra Form               Tmut           #.........   100%        6    #######
 Statue Form              Tmut/Erth      #........    100%        6    #######
 Dragon Form              Tmut           #.........   100%        7    #######


Dungeon Overview and Level Annotations

Branches:
Dungeon (11/15)            Temple (0/1) D:6            Lair (6/6) D:8
  Swamp (0/4) Lair:2        Snake (0/4) Lair:2        Slime (0/5) Lair:6
    Orc (1/2) D:11

Altars:
Cheibriados
Hepliaklqana
Nemelex Xobeh
Okawaru
Ru
Vehumet
Yredelemnul
Beogh
Jiyva

Annotations:
D:5 1 runed door
D:10 3 runed doors, epen's ghost, novice GnGl


Innate Abilities, Weirdness & Mutations

You cannot be hasted, slowed, berserked, paralysed or teleported.
You can dig through walls and to a lower floor.
Your four strong arms can wield two-handed weapons with a shield.
You have a pair of large antennae on your head. (SInv)
You are partially covered in molten scales. (AC +2)
Your magical capacity is low. (-10% MP)
You expend magic power (3 MP) to strengthen your wands.


Message History

The starspawn tentacle grabs you. The starspawn tentacle constricts you.
Space bends sharply around you!
You escape the starspawn tentacle's grasp.
You blink.
The starspawn tentacle grabs you. The starspawn tentacle constricts you.
The starspawn tentacle loses its grip on you.
The tentacle pulls you backwards!
A starspawn tentacle segment comes into view.
You block the starspawn tentacle's attack.
You block the starspawn tentacle's attack.
The starspawn tentacle grabs you. The starspawn tentacle constricts you.
The starspawn tentacle's grasp on you weakens, but your attempt to escape The starspawn tentacle loses its grip on you.
The tentacle pulls you backwards! The starspawn tentacle grabs you.
* * * LOW HITPOINT WARNING * * *
The starspawn tentacle constricts you. 2 starspawn tentacle segments come into view.
The starspawn tentacle's grasp on you weakens, but your attempt to escape The small abomination hits you!
You die...

.... .......
.......... .
.....##.##.w #
..#..#.#.## #
##.#...... . . #
#..#..#│...##.#.#
#....#w...# .## {
#w─x.#. .. ..
#.@\.## ..#####
#≈≈..#.w\x##+##[.#
#..#≈##.─X.......#.
..#≈#≈#≈..≈≈≈≈.≈≈≈#
. #≈.≈....≈≈≈#≈..#
≈≈≈.≈≈≈≈≈≈≈#.≈##
≈..#≈≈≈≈≈≈#≈≈≈≈.≈#
..
≈§.≈≈≈≈.≈≈≈.≈≈...# .
.##≈≈#≈≈≈≈≈≈.≈.#.#..


You could see a tentacled starspawn, 2 small abominations and 2 starspawn
tentacles.

Vanquished Creatures
  Gastronok (Abyss:1)
  4 hydras
  A two-headed ogre (D:10)
  A thrashing horror (Abyss:1)
  9 death yaks
  An unseen horror (D:11)
  Pikel (D:9)
  2 ugly things (D:11)
  15 elephants
  8 black mambas
  A centaur zombie (D:8)
  A torpor snail (Lair:2)
  A gargoyle (D:11)
  2 centaur skeletons
  24 spiny frogs
  4 komodo dragons
  2 rime drakes
  Grinder (D:3)
  5 tyrant leeches (Lair:6)
  A hornet (D:11)
  3 polar bears
  11 hippogriffs
  18 blink frogs
  9 dream sheep
  Sigmund (D:3)
  A ynoxinul (Abyss:1)
  41 yaks
  2 wyverns
  A hungry ghost (D:7)
  A fire bat (D:5)
  9 insubstantial wisps
  6 vampire mosquitoes (Lair:6)
  A warg (Orc:1)
  A hell hound (Volcano)
  12 water moccasins
  6 porcupines
  8 orc warriors
  An eye of draining (D:11)
  A sky beast (D:7)
  Duvessa (D:4)
  4 ice beasts
  3 phantoms
  8 ogres
  18 wolves
  10 centaurs
  2 crocodiles
  2 big kobolds
  28 bullfrogs
  Dowan (D:4)
  3 scorpions
  A water moccasin skeleton (D:6)
  5 killer bees (D:8)
  2 howler monkeys
  5 crimson imps
  A quasit (D:10)
  An iron imp (Abyss:1)
  2 bullfrog zombies (D:9)
  4 bullfrog skeletons
  3 hounds
  3 jellies
  6 orc priests
  6 orc wizards
  3 iguanas
  Ijyb (D:3)
  Natasha (thrice) (D:3)
  Terence (D:2)
  4 worker ants
  A worker ant zombie (D:6)
  4 gnolls
  16 adders
  8 river rats (D:5)
  4 shadow imps
  An ooze (D:4)
  4 adder skeletons
  3 worms
  A dart slug (D:1)
  7 leopard geckos
  43 orcs
  2 bats
  8 giant cockroaches
  7 goblins
  2 hobgoblins (D:2)
  5 jackals
  11 quokkas
  4 frilled lizards
  3 jackal skeletons
  7 kobolds
  28 rats
518 creatures vanquished.

Vanquished Creatures (collateral kills)
  2 orcs (D:10)
2 creatures vanquished.

Vanquished Creatures (others)
  A black mamba (Lair:3)
  An orc (D:3)
  A bush (Lair:6)
  9 fungi
  64 plants
  4 starspawn tentacles (Abyss:1)
80 creatures vanquished.

Grand Total: 600 creatures vanquished

Notes
Turn   | Place    | Note
-------+----------+-------------------------------------------
     0 | Abyss:1  | Garbasso the Formicid Abyssal Knight began the quest for
                  | the Orb.
     0 | Abyss:1  | Reached XP level 1. HP: 18/18 MP: 2/2
     4 | Abyss:1  | Found a corrupted altar of Lugonu.
    85 | Abyss:1  | Found a blossoming altar of Fedhas.
    96 | Abyss:1  | Noticed a sixfirhy
    97 | D:1      | Escaped the Abyss
   226 | D:1      | Reached * piety under Lugonu
   378 | D:1      | Reached XP level 2. HP: 21/24 MP: 3/3
  1112 | D:1      | Reached XP level 3. HP: 18/29 MP: 4/4
  1975 | D:2      | Reached skill level 3 in Maces & Flails
  2391 | D:2      | Noticed Terence
  2404 | D:2      | Killed Terence
  2404 | D:2      | Reached XP level 4. HP: 33/37 MP: 6/6
  2754 | D:3      | Noticed Sigmund
  2831 | D:3      | Noticed Grinder
  3195 | D:3      | Gained mutation: Your magical capacity is low. (-10% MP)
                  | [potion of mutation]
  3195 | D:3      | Gained mutation: You are partially covered in molten
                  | scales. (AC +2) [potion of mutation]
  3195 | D:3      | Gained mutation: You expend magic power (3 MP) to
                  | strengthen your wands. [potion of mutation]
  3202 | D:3      | Killed Grinder
  3202 | D:3      | Reached skill level 4 in Maces & Flails
  3202 | D:3      | Reached XP level 5. HP: 23/43 MP: 4/7
  3202 | D:3      | Reached XP level 6. HP: 27/49 MP: 4/8
  3361 | D:3      | Found a radiant altar of Vehumet.
  3427 | D:3      | Noticed Natasha
  3467 | D:3      | Killed Natasha
  3541 | D:3      | Killed Sigmund
  3541 | D:3      | Reached skill level 5 in Maces & Flails
  3541 | D:3      | Reached XP level 7. HP: 45/55 MP: 9/9
  3730 | D:3      | Noticed Natasha
  3738 | D:3      | Killed Natasha
  3760 | D:3      | Reached ** piety under Lugonu
  3783 | D:3      | Noticed Natasha
  3792 | D:3      | Killed Natasha
  3995 | D:3      | Reached skill level 5 in Fighting
  4029 | D:3      | Noticed Ijyb
  4038 | D:3      | You fall through a shaft!
  4337 | D:4      | Noticed Duvessa
  4502 | D:3      | Killed Ijyb
  4502 | D:3      | Reached XP level 8. HP: 47/62 MP: 6/10
  4586 | D:4      | Noticed Dowan
  4808 | D:4      | Reached skill level 5 in Invocations
  4895 | D:4      | Reached skill level 6 in Maces & Flails
  5226 | D:4      | Found a sparkling altar of Nemelex Xobeh.
  5301 | D:4      | Found a sacrificial altar of Ru.
  5902 | D:4      | Reached skill level 5 in Armour
  5930 | D:4      | Killed Duvessa
  5934 | D:4      | Killed Dowan
  6038 | D:5      | Entered Level 5 of the Dungeon
  6046 | D:5      | Reached XP level 9. HP: 66/69 MP: 12/12
  6198 | D:5      | Reached skill level 7 in Maces & Flails
  6285 | D:5      | Found a hazy altar of Hepliaklqana.
  6295 | D:5      | Found a runed door.
  6301 | D:5      | Found a basalt altar of Yredelemnul.
  6633 | D:5      | Reached *** piety under Lugonu
  7206 | D:6      | Found a snail-covered altar of Cheibriados.
  7550 | D:6      | Found a staircase to the Ecumenical Temple.
  7656 | D:6      | Reached **** piety under Lugonu
  7750 | D:5      | Reached skill level 8 in Maces & Flails
  8689 | D:7      | Reached XP level 10. HP: 79/79 MP: 13/13
  9142 | D:7      | Reached skill level 9 in Maces & Flails
 10504 | D:8      | Found a staircase to the Lair.
 10548 | D:8      | Found an iron altar of Okawaru.
 10839 | D:9      | Noticed Pikel
 10848 | D:9      | Killed Pikel
 11083 | D:9      | Reached skill level 10 in Maces & Flails
 11565 | D:10     | Entered Level 10 of the Dungeon
 11693 | D:10     | Reached XP level 11. HP: 87/87 MP: 15/15
 11807 | D:10     | Noticed a two-headed ogre
 11821 | D:10     | Killed a two-headed ogre
 11963 | D:10     | Reached ***** piety under Lugonu
 12123 | D:10     | Found a runed gate.
 12124 | D:10     | Found a runed gate.
 12125 | D:10     | Found a runed gate.
 12125 | D:10     | Noticed epen's ghost (novice GnGl)
 12135 | D:10     | Found a roughly hewn altar of Beogh.
 12274 | D:10     | Reached skill level 11 in Maces & Flails
 13567 | D:11     | Found a staircase to the Orcish Mines.
 13699 | D:11     | Reached skill level 10 in Invocations
 13863 | D:11     | Noticed a brown ugly thing
 13910 | D:11     | Killed a brown ugly thing
 13910 | D:11     | Reached XP level 12. HP: 35/97 MP: 13/17
 14397 | D:11     | Noticed an unseen horror
 14403 | D:11     | Killed an unseen horror
 14899 | Lair:1   | Entered Level 1 of the Lair of Beasts
 15033 | Lair:1   | Reached skill level 12 in Maces & Flails
 15117 | Lair:1   | Reached skill level 10 in Fighting
 15740 | Lair:2   | Found a staircase to the Snake Pit.
 15746 | Lair:2   | Noticed Gastronok
 16001 | Lair:2   | Banished Gastronok
 16312 | Lair:2   | Reached skill level 1 in Shields
 16527 | Lair:2   | Found a staircase to the Swamp.
 16551 | Lair:2   | Reached skill level 10 in Armour
 16988 | Lair:2   | Reached skill level 1 in Dodging
 17284 | Lair:3   | Reached XP level 13. HP: 96/104 MP: 19/19
 17915 | Lair:3   | Reached skill level 13 in Maces & Flails
 18689 | Lair:3   | Identified a scroll of acquirement
 18690 | Lair:3   | Found the +8 whip "Snakebite" {curare, rPois}
 18783 | Lair:3   | Noticed a six-headed hydra
 18790 | Lair:3   | Killed a six-headed hydra
 19504 | Lair:4   | Noticed a seven-headed hydra
 19515 | Lair:4   | Killed a seven-headed hydra
 19678 | Lair:4   | Reached ****** piety under Lugonu
 20196 | Lair:4   | Reached skill level 14 in Maces & Flails
 20196 | Lair:4   | Reached XP level 14. HP: 108/113 MP: 20/20
 21558 | Lair:6   | Entered Level 6 of the Lair of Beasts
 21594 | Lair:6   | Reached skill level 5 in Dodging
 23478 | Lair:6   | Reached XP level 15. HP: 90/122 MP: 22/22
 24057 | Lair:6   | Found a viscous altar of Jiyva.
 24057 | Lair:6   | Found a staircase to the Slime Pits.
 25009 | Orc:1    | Entered Level 1 of the Orcish Mines
 25102 | Orc:1    | Found a dark tunnel.
 25112 | Volcano  | Entered a volcano
 25361 | Abyss:1  | Killed Gastronok
 25431 | Abyss:1  | Noticed a tentacled starspawn
 25475 | Abyss:1  | HP: 5/123 [tentacled starspawn (9)]
 25480 | Abyss:1  | HP: 3/123 [starspawn tentacle[a tentacled starspawn] (1)]
 25481 | Abyss:1  | Mangled by a small abomination

Vault maps used:
D:1:      dpeg_arrival_rooms_b, chequers_serial_rivers_large_a
D:2:      uniq_terence
D:3:      fiery_altar_vehumet, uniq_natasha, uniq_ijyb, uniq_sigmund,
          uniq_grinder
D:4:      nicolae_ru_great_annihilating_truth, lemuel_coloured_pillars_altar,
          uniq_duvessa
D:5:      lemuel_ratsnest, kennysheep_little_box, first_ration,
          dk_yredelemnul_ordeal
D:6:      cheibriados_altar_1, minmay_temple_entry_nine_rooms
D:7:      kennysheep_dice
D:8:      kennysheep_mini, lair_entry_dummy
D:9:      uniq_pikel
D:10:     biasface_ghost_orc_armoury, blue_anna_alchemist, minivault_5,
          grunt_decor_cap
D:11:     orc_0_dummy
Lair:2:   minmay_swamp_entry_wisps, dummy_snake_entry, grunt_megastairs_1,
          uniq_gastronok
Lair:3:   serial_bayou_shore_b
Lair:5:   serial_forest, infiniplex_forest_end_3, infiniplex_forest_clump_small,
          infiniplex_forest_split, infiniplex_forest_zigzag_1,
          infiniplex_forest_end_1, infiniplex_forest_corner_2,
          infiniplex_forest_zigzag_1, infiniplex_forest_straight_2,
          cheibrodos_lair_reptile_den
Lair:6:   minmay_lair_end_frog_pond, dpeg_slime_entry_enclosed_altar,
          st_stairs_8
Orc:1:    nicolae_volcano_entry_two_sided, enter_bailey_3
Volcano:  volcano_village

Skill      XL: |  1  2  3  4  5  6  7  8  9 10 11 12 13 14 15 |
---------------+----------------------------------------------+-----
Maces & Flails | 3 4 5 6 8 10 11 12 14 | 14.0
Invocations    | 3 4 5 7 8 10 11 12 13 | 13.7
Fighting       | 4 5 6 7 8 9 10 11 12 13 | 13.0
Armour         | 3 4 5 6 7 9 10 11 12 | 12.7
Shields        | 2 |  2.4
Dodging        | 1 4 6 7 |  7.2

Action                   |  1- 3 |  4- 6 |  7- 9 | 10-12 | 13-15 || total
-------------------------+-------+-------+-------+-------+-------++-------
Melee: Mace              |    61 |       |       |       |       ||    61
       Flail             |    15 |    81 |   232 |       |       ||   328
       Morningstar       |       |       |   202 |       |       ||   202
       Dire flail        |       |       |    72 |   822 |   165 ||  1059
       Whip              |       |       |       |       |  1006 ||  1006
Throw: Stone             |    21 |     5 |    35 |    51 |    64 ||   176
       Throwing net      |       |       |       |       |     1 ||     1
Invok: Depart the Abyss  |     1 |       |       |       |       ||     1
       Bend Space        |       |       |       |     1 |     4 ||     5
       Banish            |       |       |       |     1 |     1 ||     2
       Enter the Abyss   |       |       |       |       |     1 ||     1
 Abil: Dig               |     1 |     1 |     2 |    16 |    18 ||    38
       Shaft Self        |       |       |     1 |       |       ||     1
Evoke: Wand              |       |       |    12 |     3 |     7 ||    22
  Use: Scroll            |       |     3 |     7 |    22 |     9 ||    41
       Potion            |       |     1 |       |       |     7 ||     8
 Stab: Betrayed ally     |       |       |       |     1 |       ||     1
       Distracted        |       |       |       |       |     1 ||     1
       Held in net/web   |       |       |       |       |     2 ||     2
  Eat: Chunk             |     5 |     3 |    19 |    19 |    22 ||    68
       Ration            |       |       |       |     4 |     3 ||     7
Armor: Leather armour    |    16 |       |       |       |       ||    16
       Ring mail         |    15 |     2 |       |       |       ||    17
       Chain mail        |       |    48 |   319 |   425 |   380 ||  1172
       Skin              |       |       |       |       |     4 ||     4
Dodge: Dodged            |    57 |    24 |   196 |   245 |   293 ||   815
Block: Buckler           |       |       |       |    15 |   121 ||   136

Table legend:
 A = Non-vault XP
 B = Vault XP
 C = Vault XP percentage of total XP
 D = Non-vault monster count
 E = Vault monster count
 F = Vault count percentage of total count
                 A         B        C        D         E       F
            +---------+---------+-------+---------+---------+-------
      Total |   62764 |   21952 |  25.9 |     399 |     123 |  23.6
            +---------+---------+-------+---------+---------+-------
        D:1 |      32 |       0 |   0.0 |      19 |       0 |   0.0
        D:2 |      39 |      36 |  48.0 |      13 |       1 |   7.1
        D:3 |     103 |     600 |  85.3 |      21 |       4 |  16.0
        D:4 |     895 |     252 |  22.0 |      31 |       6 |  16.2
        D:5 |     463 |     280 |  37.7 |      10 |      38 |  79.2
        D:6 |     942 |       0 |   0.0 |      19 |       0 |   0.0
        D:7 |     797 |     316 |  28.4 |      12 |       3 |  20.0
        D:8 |    1472 |       0 |   0.0 |      23 |       0 |   0.0
        D:9 |     531 |     651 |  55.1 |       8 |       1 |  11.1
       D:10 |    4551 |     103 |   2.2 |      36 |       1 |   2.7
       D:11 |    5969 |       0 |   0.0 |      39 |       0 |   0.0
     Lair:1 |     976 |       0 |   0.0 |       6 |       0 |   0.0
     Lair:2 |    4262 |    2952 |  40.9 |      18 |      10 |  35.7
     Lair:3 |   11321 |       0 |   0.0 |      31 |       0 |   0.0
     Lair:4 |    7894 |     151 |   1.9 |      33 |       1 |   2.9
     Lair:5 |    6801 |     353 |   4.9 |      25 |       6 |  19.4
     Lair:6 |   13229 |   13883 |  51.2 |      33 |      50 |  60.2
      Orc:1 |     852 |       0 |   0.0 |      16 |       0 |   0.0
    Abyss:1 |    1635 |    2224 |  57.6 |       6 |       1 |  14.3
    Volcano |       0 |     151 | 100.0 |       0 |       1 | 100.0
            +---------+---------+-------+---------+---------+-------
